 Dungeon Crawl Stone Soup version 0.24-a0-537-g2d01d4ab0a (webtiles) character file.

Game seed: 2900734243125550259

411 Chiseanne the Ruffian (level 6, -6/62 HPs)
             Began as a Troll Monk on Aug 14, 2019.
             Mangled by an ogre
             ... wielding a +0 giant club
              (27 damage)
             ... on level 5 of the Dungeon.
             The game lasted 00:08:42 (2936 turns).

Chiseanne the Ruffian (Troll Monk)                  Turns: 2936, Time: 00:08:43

Health: -6/62      AC:  6    Str: 20    XL:     6   Next: 58%
Magic:  5/5        EV: 11    Int:  8    God:
Gold:   190        SH:  0    Dex: 12    Spells: 5/5 levels left

rFire    . . .     SeeInvis .     - Unarmed
rCold    . . .     Gourm    +   (no shield)
rNeg     . . .     Faith    .   a - +0 robe
rPois    .         Spirit   .   (helmet restricted)
rElec    .         Reflect  .   (no cloak)
rCorr    .         Harm     .   (gloves unavailable)
MR       .....                  (boots unavailable)
Stlth    ++........             (no amulet)
HPRegen  0.60/turn              (no ring)
MPRegen  0.09/turn              (no ring)

@: no status effects
A: large, unfitting armour, claws 3, fast metabolism 3, gourmand, regeneration
1, shaggy fur 1, tough skin 3
a: no special abilities


You were on level 5 of the Dungeon.
You were full.

You visited 1 branch of the dungeon, and saw 5 of its levels.
You also visited: Sewer.

You collected 190 gold pieces.

Inventory:

Missiles
 d - 21 sling bullets
 e - 147 stones (quivered)
 i - 5 poisoned darts
 l - 44 arrows
 m - 4 silver javelins
 s - 9 boomerangs
Armour
 a - a +0 robe (worn)
Jewellery
 g - a +3 ring of evasion {unknown}
 n - an uncursed amulet of magic regeneration {unknown}
 u - an uncursed ring of magical power
Scrolls
 k - a scroll of identify {unknown}
 o - 3 scrolls of teleportation {unknown}
 q - a scroll of magic mapping {unknown}
 r - a scroll of amnesia {unknown}
 x - a scroll of fog {unknown}
Potions
 c - a potion of mutation {unknown}
 f - 2 potions of invisibility {unknown}
 h - a potion of berserk rage {unknown}
 j - 2 potions of magic {unknown}
 p - 2 potions of curing {unknown}
 t - a potion of degeneration {unknown}
 v - a potion of ambrosia {unknown}
 w - 2 potions of haste {unknown}
 z - a potion of brilliance {unknown}
Comestibles
 b - 6 rations


   Skills:
 * Level 4.0 Fighting
 * Level 1.0 Throwing
 * Level 4.0 Dodging
 - Level 1.0 Stealth
 * Level 4.9 Unarmed Combat


You had 5 spell levels left.
You didn't know any spells.
Your spell library was empty.

Dungeon Overview and Level Annotations

Branches:
Dungeon (5/15)
 Temple: D:4-7

Altars:
Gozag
Ru
Trog

Annotations:
D:5 3 runed translucent doors, Amnesiac's ghost, weakling DEEn


Innate Abilities, Weirdness & Mutations

You are too large for most types of armour.
You have claws for hands.
Your metabolism is lightning-fast.
You like to eat raw meat.
Your natural rate of healing is unusually fast.
You are covered in fur. (AC +1)
You have extremely tough skin. (AC +3)


Message History

There is a collapsed entrance here.
You enter the shallow water.
Moving in this stuff is going to be slow.
There is an open door here.
The ogre is too close now for your liking.
The ogre completely misses you.
You claw the ogre!
The ogre is heavily wounded.
You scratch the ogre.
The ogre is severely wounded.
The ogre hits you with a +0 giant club!!
You claw the ogre! Your claw misses the ogre.
The ogre is almost dead.
The ogre hits you with a +0 giant club!!
You completely miss the ogre.
The ogre is almost dead.
You completely miss the ogre. Your claw misses the ogre.
The ogre is almost dead.
The ogre hits you with a +0 giant club!!
You die...

#.....#.)........
#8$$..+..........
#∩.8_W+.......## ..
#8$$.s+..#...########..
#.$..5#............(...
##.8.##.#..............
#####.................
....###.##..O.......
#######.###[@....# .
#.............#..
#.#######........
#.#≈≈≈≈≈#.....###
#.#≈≈.≈≈'.....#
#.#≈≈≈≈≈#.....#
....#######.....#
##..............#
#######.....####


You could see an ogre.

Vanquished Creatures
  A howler monkey (D:3)
  2 orc wizards
  A hound (D:3)
  A bullfrog skeleton (D:5)
  5 adders
  4 gnolls (D:2)
  2 oozes
  9 worms
  4 dart slugs
  3 leopard geckos
  13 orcs
  8 bats
  3 giant cockroaches
  5 hobgoblins
  12 jackals
  16 kobolds
  2 quokkas (D:3)
  8 ball pythons
  8 frilled lizards
  10 goblins
  10 rats
127 creatures vanquished.

Notes
Turn   | Place    | Note
-------+----------+-------------------------------------------
     0 | D:1      | Chiseanne the Troll Monk began the quest for the Orb.
     0 | D:1      | Reached XP level 1. HP: 22/22 MP: 0/0
    34 | D:1      | Reached XP level 2. HP: 29/29 MP: 1/1
   508 | D:2      | Reached XP level 3. HP: 35/36 MP: 2/2
   897 | D:2      | Reached XP level 4. HP: 38/45 MP: 3/3
   923 | D:2      | HP: 2/45 [orc/cursed +0 dagger (5)]
  1099 | D:2      | Reached XP level 5. HP: 40/53 MP: 4/4
  1274 | D:2      | Noticed a moth of wrath
  1277 | D:2      | Found a bloodstained altar of Trog.
  1747 | D:3      | Reached XP level 6. HP: 62/62 MP: 5/5
  2021 | D:3      | Found a sacrificial altar of Ru.
  2238 | D:5      | Entered Level 5 of the Dungeon
  2238 | D:5      | Found a runed translucent gate.
  2238 | D:5      | Found a runed translucent gate.
  2240 | D:5      | Found a runed translucent gate.
  2241 | D:5      | Found an opulent altar of Gozag.
  2243 | D:5      | Noticed Amnesiac's ghost (weakling DEEn)
  2259 | D:5      | Found a glowing drain.
  2305 | Sewer    | Entered a sewer
  2544 | Sewer    | Reached skill level 1 in Throwing
  2936 | D:5      | Mangled by an ogre

Levels and vault maps discovered:
D:1:      dpeg_arrival_tiny_a, layout_basic
D:2:      layout_basic, tgw_trog
D:3:      layout_rooms, first_ration, hangedman_ru_absence
D:4:      layout_loops_ring, lemuel_blue_sif_altar, marbit_many_paths,
          biasface_ghost_orc_armoury, minmay_misc_feat_alley,
          kennysheep_cross_room
D:5:      layout_rooms, minmay_temple_entry_poolview, gup_sewer_entry_glass,
          ebering_ghost_gozag

Skill      XL: |  1  2  3  4  5  6 |
---------------+-------------------+-----
Dodging        | 3 4 |  4.0
Fighting       | 3 4 |  4.0
Unarmed Combat | 4 |  4.9
Throwing       | 1 |  1.0
Stealth        | |  1.0

Action                   |  1- 3 |  4- 6 || total
-------------------------+-------+-------++-------
Melee: Unarmed           |   110 |   206 ||   316
       Punch             |     3 |     2 ||     5
Throw: Stone             |       |     1 ||     1
  Use: Scroll            |     4 |       ||     4
 Stab: Sleeping          |     1 |     2 ||     3
  Eat: Chunk             |    14 |    17 ||    31
Armor: Robe              |    34 |    62 ||    96
Dodge: Dodged            |    63 |   101 ||   164

Table legend:
 A = Non-vault XP
 B = Vault XP
 C = Vault XP percentage of total XP
 D = Non-vault monster count
 E = Vault monster count
 F = Vault count percentage of total count
                 A         B        C        D         E       F
            +---------+---------+-------+---------+---------+-------
      Total |     498 |      90 |  15.3 |     100 |      27 |  21.3
            +---------+---------+-------+---------+---------+-------
        D:1 |      37 |       0 |   0.0 |      21 |       0 |   0.0
        D:2 |     182 |      21 |  10.3 |      37 |       5 |  11.9
        D:3 |     222 |       0 |   0.0 |      37 |       0 |   0.0
        D:4 |       5 |       0 |   0.0 |       1 |       0 |   0.0
        D:5 |      52 |      30 |  36.6 |       4 |       4 |  50.0
      Sewer |       0 |      39 | 100.0 |       0 |      18 | 100.0
            +---------+---------+-------+---------+---------+-------
